 Dungeon Crawl Stone Soup version 0.21-a0-150-gc243083 (webtiles) character file.

357 drasked the Caller (level 6, -1/41 HPs)
             Began as a Mummy Summoner on July 29, 2017.
             Shot with an arrow by a centaur (10 damage)
             ... on level 5 of the Dungeon.
             The game lasted 00:26:43 (7020 turns).

drasked the Caller (Mummy Summoner)                 Turns: 7020, Time: 00:26:43

Health: -1/41      AC:  8    Str: 11    XL:     6   Next: 37%
Magic:  2/10       EV: 12    Int: 18    God:
Gold:   224        SH:  0    Dex: 16    Spells: 7/11 levels left

rFire    x . .     SeeInvis .   q - +8 mace "Dragonslayer" {freeze, rPois rN+ Int+2}
rCold    + . .     Gourm    .   (no shield)
rNeg     + + +     Faith    .   a - +0 robe
rPois    ∞         Spirit   .   h - +0 helmet
rElec    .         Reflect  .   l - +2 cloak
rCorr    .         Harm     .   c - +0 pair of gloves
MR       .....                  k - +0 pair of boots
Stlth    ++........             (no amulet)
HPRegen  0.13/turn              (no ring)
MPRegen  0.12/turn              g - +3 ring of dexterity

@: drained
A: no food or potions, fire vulnerability, cold resistance 1, negative energy
resistance 3, torment resistance, unbreathing
a: no special abilities


You were on level 5 of the Dungeon.
You were not hungry.

You visited 1 branch of the dungeon, and saw 5 of its levels.

You collected 224 gold pieces.

Inventory:

Hand Weapons
 f - a +0 club
   (You took it off a goblin on level 1 of the Dungeon)
 q - the +8 mace "Dragonslayer" (weapon) {freeze, rPois rN+ Int+2}
   (You found it on level 5 of the Dungeon)

   It has been specially enchanted to freeze those struck by it, causing extra
   injury to most foes and up to half again as much damage against particularly
   susceptible opponents.
   It can also slow down cold-blooded creatures.
   It affects your intelligence (+2).
   It protects you from poison.
   It protects you from negative energy.
Armour
 a - a +0 robe (worn)
 c - a +0 pair of gloves (worn)
   (You found it on level 1 of the Dungeon)
 h - a +0 helmet (worn)
   (You found it on level 2 of the Dungeon)
 k - a +0 pair of boots (worn)
   (You found it on level 3 of the Dungeon)
 l - a +2 cloak (worn)
   (You took it off Crazy Yiuf on level 2 of the Dungeon)
Jewellery
 g - a +3 ring of dexterity (right hand)
   (You found it on level 3 of the Dungeon)
Wands
 j - a wand of polymorph (9/24)
   (You found it on level 3 of the Dungeon)
 p - a wand of iceblast (5/15)
   (You found it on level 4 of the Dungeon)
 r - a wand of flame (22/48)
   (You found it on level 5 of the Dungeon)
Scrolls
 d - a scroll of amnesia
 e - a scroll of teleportation
 i - 6 scrolls of identify
 m - a scroll of recharging {unknown}
 n - a scroll of remove curse
 o - a scroll of enchant weapon {unknown}
 s - a scroll of blinking {unknown}
Books
 b - a book of Callings


   Skills:
 - Level 1.5(1.1) Dodging
 - Level 1.5(1.1) Stealth
 - Level 3.0(2.6) Spellcasting
 * Level 6.3(5.9) Summonings


You had 7 spell levels left.
You knew the following spells:

 Your Spells              Type           Power        Failure   Level  Hunger
a - Summon Small Mammal   Summ           ###.         1%          1    N/A
c - Call Canine Familiar  Summ           ###.....     4%          3    N/A

Dungeon Overview and Level Annotations

Branches:
Dungeon (5/15)
 Temple: D:4-7

Altars:

Annotations:
D:5 Prince Ribbit


Innate Abilities, Weirdness & Mutations

You do not eat or drink.
Your flesh is vulnerable to fire.
You are immune to poison.
Your flesh is cold resistant. (rC+)
You are immune to negative energy. (rN+++)
You are immune to unholy pain and torment.
You can survive without breathing.


Message History

Your rat's corpse disappears in a puff of smoke!
You swap places.
Prince Ribbit hits your hound!
Your hound closely misses Prince Ribbit.
Prince Ribbit hits your hound!
Your hound dies!
Your hound's corpse disappears in a puff of smoke!
Prince Ribbit blinks!
Prince Ribbit blinks!
You now have 2/10 mp.
You swap places.
Prince Ribbit sighs, "It's not easy being green!"
Prince Ribbit blinks!
You swap places.
Your hound misses Prince Ribbit. Prince Ribbit barely misses your hound.
Your hound bites Prince Ribbit.
Prince Ribbit hits your hound.
Your hound bites Prince Ribbit.
Prince Ribbit barely misses your hound.
Your hound barely misses Prince Ribbit.
Prince Ribbit croaks regally.
Prince Ribbit blinks!
Your hound closely misses Prince Ribbit.
Prince Ribbit barely misses your hound.
Your hound completely misses Prince Ribbit.
Prince Ribbit closely misses your hound.
Your hound bites Prince Ribbit.
Prince Ribbit blinks!
Your hound misses Prince Ribbit.
Your hound barely misses Prince Ribbit.
Prince Ribbit barely misses your hound.
Your hound bites Prince Ribbit.
Prince Ribbit mumbles some strange words.
Prince Ribbit looks slightly unstable.
Your hound bites Prince Ribbit.
Prince Ribbit blinks!
You start resting.
Your hound disappears in a puff of smoke!
MP restored: 10 You start waiting.
Done waiting.
There is a stone staircase leading up, spattered with blood here.
Found a stone staircase leading down.
You now have 224 gold pieces (gained 7).
Found a stone staircase leading down.
There is a stone staircase leading down here.
A centaur comes into view.
The centaur wields a shortbow.
The centaur shoots an arrow.
The arrow hits you!
Found a meat ration.
Found a stone staircase leading up.
You take 15 damage, and have 26/41 hp.
MASSIVE DAMAGE!!
The centaur shoots an arrow.
The arrow hits you!
You take 12 damage, and have 15/41 hp.
MASSIVE DAMAGE!!
You now have 7/10 mp.
The centaur shoots an arrow.
The arrow closely misses you.
You see here an arrow.
You swap places.
The centaur shoots an arrow.
The arrow hits your hound. What are your orders? t - Shout!
Orders for allies: a - Attack new target. r - Retreat! s - Stop attacking. g - Guard the area. f - Follow me.
Anything else - Cancel.
Gang up on whom?
Aim: a centaur, wielding a shortbow Attack!
The centaur shoots an arrow.
The arrow hits your hound.
Your hound bites the centaur.
The centaur shoots an arrow.
The arrow misses your hound. The arrow closely misses you.
Your hound bites the centaur but does no damage.
The centaur shoots an arrow.
The arrow hits your hound.
Your hound closely misses the centaur.
The centaur shoots an arrow.
The arrow hits your hound but does no damage.
Your hound barely misses the centaur.
The centaur shoots an arrow.
The arrow hits your hound.
Your hound dies!
Your hound's corpse disappears in a puff of smoke!
The centaur shoots an arrow.
The arrow hits your hound!
You now have 5/10 mp.
The centaur shoots an arrow.
The arrow barely misses your hound. The arrow closely misses you.
Your hound bites the centaur.
The centaur shoots an arrow.
The arrow hits your hound!
Your hound dies!
Your hound's corpse disappears in a puff of smoke!
You see here 2 arrows.
The centaur unwields an uncursed shortbow.
The centaur closely misses you.
You now have 2/10 mp.
The centaur wields an uncursed shortbow.
The centaur shoots an arrow.
The arrow hits you!
* * * LOW HITPOINT WARNING * * *
You see here an arrow.
You take 7 damage, and have 9/41 hp.
You swap places.
The centaur shoots an arrow.
The arrow hits your hound!
The centaur shoots an arrow.
The arrow hits your hound but does no damage.
Your hound bites the centaur.
The centaur shoots an arrow.
The arrow hits your hound!
Your hound dies!
Your hound's corpse disappears in a puff of smoke!
The centaur shoots an arrow.
The arrow hits you!
You die...

#.....#######.#
#.....# #.#
####### #.# #.#
### #.# %. #.#
#. #.#
.#####.######.#
<.......c((..@#
.#####.########
#. c. ###


You could see a centaur.

Vanquished Creatures
  A leopard gecko (D:3)
  An orc (D:5)
  A giant cockroach (D:2)
  A hobgoblin (D:2)
  2 rats (D:4)
6 creatures vanquished.

Vanquished Creatures (collateral kills)
  An ogre (D:5)
  A howler monkey (D:4)
  2 orc priests
  A centaur skeleton (D:4)
  Crazy Yiuf (D:2)
  An orc wizard (D:5)
  An iguana (D:4)
  Jessica (D:2)
  2 worker ants
  A howler monkey zombie (D:5)
  Robin (D:4)
  A howler monkey skeleton (D:5)
  4 gnolls (D:4)
  6 adders
  A river rat (D:4)
  4 worms
  2 dart slugs (D:3)
  6 leopard geckos
  7 orcs
  13 bats
  2 giant cockroaches
  19 goblins
  10 hobgoblins
  9 jackals
  8 kobolds
  4 quokkas
  A ball python (D:1)
  5 frilled lizards
  7 rats
122 creatures vanquished.

Grand Total: 128 creatures vanquished

Notes
Turn   | Place    | Note
-------+----------+-------------------------------------------
     0 | D:1      | drasked the Mummy Summoner began the quest for the Orb.
     0 | D:1      | Reached XP level 1. HP: 13/13 MP: 4/4
   448 | D:1      | Reached XP level 2. HP: 19/19 MP: 1/5
   517 | D:1      | Reached skill level 3 in Spellcasting
  1542 | D:2      | Reached skill level 4 in Summonings
  1548 | D:2      | Reached XP level 3. HP: 24/24 MP: 4/7
  1646 | D:2      | Noticed Jessica
  1678 | D:2      | Killed Jessica
  2533 | D:2      | Found a runed door.
  2763 | D:2      | Reached XP level 4. HP: 30/30 MP: 6/8
  2833 | D:2      | Noticed Crazy Yiuf
  2898 | D:2      | Killed Crazy Yiuf
  3175 | D:3      | Learned a level 3 spell: Call Canine Familiar
  3595 | D:3      | Reached skill level 5 in Summonings
  4144 | D:4      | Reached XP level 5. HP: 35/35 MP: 1/9
  4456 | D:4      | Noticed Robin
  4494 | D:4      | Killed Robin
  5892 | D:5      | Entered Level 5 of the Dungeon
  5921 | D:5      | Reached skill level 6 in Summonings
  5921 | D:5      | Reached XP level 6. HP: 22/41 MP: 4/10
  6196 | D:5      | Got a pitted mace
  6202 | D:5      | Identified the +8 mace "Dragonslayer" {freeze, rPois rN+ Int+2} (You found it on level 5 of the Dungeon)
  6680 | D:5      | Noticed Prince Ribbit
  7017 | D:5      | HP: 9/41 [centaur/arrow (7)]
  7020 | D:5      | Shot with an arrow by a centaur

Vault maps used:
D:1:      saegor_arrival_simple_b, serial_bayou_crossing
D:2:      first_bread, uniq_crazy_yiuf_cottage, uniq_jessica
D:4:      gup_sewer_entry_bubbles, uniq_robin
D:5:      small_statue_intersection, uniq_prince_ribbit1

Skill      XL: |  1  2  3  4  5 |
---------------+----------------+-----
Spellcasting   | 3 |  3.0
Summonings     | 4 5 6 |  6.3
Dodging        | |  1.5
Stealth        | |  1.5

Action                   |  1- 3 |  4- 6 || total
-------------------------+-------+-------++-------
Melee: Unarmed           |     8 |       ||     8
       Club              |     7 |    38 ||    45
       Mace              |       |     1 ||     1
 Cast: Summon Small Mamm |   131 |    39 ||   170
       Call Canine Famil |       |    45 ||    45
  Use: Scroll            |       |     6 ||     6
 Stab: Distracted        |     1 |       ||     1
Armor: Robe              |    21 |    27 ||    48
Dodge: Dodged            |    52 |    58 ||   110

Vault maps used:
D:1:      saegor_arrival_simple_b, serial_bayou_crossing
D:2:      first_bread, uniq_crazy_yiuf_cottage, uniq_jessica
D:4:      gup_sewer_entry_bubbles, uniq_robin
D:5:      small_statue_intersection, uniq_prince_ribbit1

Table legend:
 A = Turns spent in this place as a percentage of turns spent in the entire game.
 B = Non-inter-level travel turns spent in this place as a percentage of non-inter-level travel turns spent in the entire game.
 C = Inter-level travel turns spent in this place as a percentage of turns spent in this place.
 D = Turns resting spent in this place as a percentage of non-inter-level travel turns spent in this place.
 E = Turns spent auto-exploring this place as a percentage of non-inter-level travel turns spent in this place.
 F = Non-inter-level travel turns spent in this place divided by the number of levels of this place that you've seen.
                   A       B       C       D       E      F
               +-------+-------+-------+-------+-------+----------------------
         Total | 100.0 | 100.0 |   0.2 |   5.6 |   5.0 | 521.0
       Dungeon | 100.0 | 100.0 |   0.2 |   5.6 |   5.0 | 521.0
               +-------+-------+-------+-------+-------+----------------------

Table legend:
 A = Kills in this place as a percentage of kills in entire the game.
 B = Kills by you in this place as a percentage of kills by you in the entire game.
 C = Kills by friends in this place as a percentage of kills by friends in the entire game.
 D = Other kills in this place as a percentage of other kills in the entire game.
 E = Experience gained in this place as a percentage of experience gained in the entire game.
 F = Experience gained in this place divided by the number of levels of this place that you have seen.
                   A       B       C       D       E      F
               +-------+-------+-------+-------+-------+----------------------
         Total | 100.0 | 100.0 | 100.0 |  -nan | 100.0 | 102.2
       Dungeon | 100.0 | 100.0 | 100.0 |  -nan | 100.0 | 102.2
               +-------+-------+-------+-------+-------+----------------------
